 Dungeon Crawl Stone Soup version 0.29.1-15-g9cfb28693d (webtiles) character file.

Game seed: 6943872125972638571

3521 protoss039 the Trooper (level 9, -1/70 HPs)
             Began as a Demonspawn Earth Elementalist on Mar 24, 2023.
             Was a Believer of Vehumet.
             Slain by a two-headed ogre
             ... wielding a +0 giant club
              (14 damage)
             ... on level 8 of the Dungeon.
             The game lasted 00:15:11 (8195 turns).

protoss039 the Trooper (DsEE)                       Turns: 8195, Time: 00:15:12

Health: -1/70      AC:  5    Str:  8    XL:     9   Next: 81%
Magic:  0/18       EV: 12    Int: 22    God:    Vehumet [**....]
Gold:   335        SH:  6    Dex: 13    Spells: 14/20 levels left

rFire   + . .      SeeInvis .   o - +4 whip
rCold   . . .      Faith    .   (no shield)
rNeg    . . .      Spirit   .   G - +2 robe {rF+}
rPois   .          Reflect  .   (no helmet)
rElec   .          Harm     .   (no cloak)
rCorr   .          Rampage  .   p - +0 pair of gloves
Will    .....                   (no boots)
Stlth   ++........              f - amulet of regeneration
HPRegen 1.01/turn               r - ring of flight
MPRegen 0.16/turn               J - ring of wizardry

@: flying, studying Evocations
A: claws 2, large bone plates 2
a: Renounce Religion


You were on level 8 of the Dungeon.
You worshipped Vehumet.
Vehumet was pleased with you.
You visited 2 branches of the dungeon, and saw 9 of its levels.
You also visited: Ossuary.

You collected 335 gold pieces.

Inventory:

Hand Weapons
 o - a +4 whip (weapon)
Missiles
 i - 3 throwing nets
 t - 22 poisoned darts
 v - a curare-tipped dart
 x - 2 datura-tipped darts
Armour
 p - a +0 pair of gloves (worn)
 G - a +2 robe of fire resistance (worn)
Magical Staves
 s - a staff of cold
Jewellery
 f - an amulet of regeneration (around neck)
 r - a ring of flight (left hand)
 J - a ring of wizardry (right hand)
Wands
 u - a wand of flame (19)
 D - a wand of iceblast (10)
Scrolls
 e - 2 scrolls of amnesia {unknown}
 k - a scroll of vulnerability {unknown}
 n - a scroll of teleportation {unknown}
 q - a scroll of acquirement {unknown}
 w - 2 scrolls of enchant armour {unknown}
 y - a scroll of immolation {unknown}
 A - 2 scrolls of butterflies {unknown}
 B - 2 scrolls of enchant weapon {unknown}
 C - a scroll of blinking {unknown}
 E - 2 scrolls of torment {unknown}
 F - a scroll of magic mapping {unknown}
 H - 2 scrolls of identify
Potions
 a - 2 potions of lignification
 b - 2 potions of magic
 d - a potion of resistance {unknown}
 h - 3 potions of mutation
 j - a potion of cancellation {unknown}
 l - 3 potions of heal wounds
 m - 2 potions of might {unknown}
 z - 4 potions of curing {unknown}
 I - a potion of flight {unknown}


   Skills:
 * Level 6.3 Fighting
 + Level 4.0 Armour
 - Level 3.0 Dodging
 - Level 3.0 Stealth
 * Level 6.2 Spellcasting
 + Level 5.4 Conjurations
 + Level 2.3 Transmutations
 + Level 6.1 Earth Magic
 - Level 3.0 Evocations


You had 14 spell levels left.
You knew the following spells:

 Your Spells              Type           Power      Damage    Failure   Level
a - Sandblast             Erth           66%        2d15      1%          1
b - Passwall              Tmut/Erth      20%        N/A       1%          2
c - Stone Arrow           Conj/Erth      64%        3d11      1%          3

Your spell library contained the following spells:

 Spells                   Type           Power      Damage    Failure   Level
 Searing Ray              Conj           60%        2d6       1%          2
 Magic Dart               Conj           100%       1d8       1%          1
 Apportation              Tloc           12%        N/A       3%          1
 Dazzling Flash           Conj/Hex       36%        N/A       3%          3
 Mephitic Cloud           Conj/Pois/Air  14%        N/A       5%          3
 Call Imp                 Summ           6%         N/A       6%          2
 Petrify                  Tmut/Erth      25%        N/A       6%          4
 Confusing Touch          Hex            6%         N/A       11%         3
 Gell's Gravitas          Tloc           6%         N/A       11%         3
 Lesser Beckoning         Tloc           6%         N/A       11%         3
 Teleport Other           Tloc           6%         N/A       11%         3
 Irradiate                Conj/Tmut      11%        3d15      21%         5
 Cause Fear               Hex            3%         N/A       32%         4
 Blade Hands              Tmut           8%         N/A       34%         5
 Alistair's Intoxication  Tmut/Pois      7%         N/A       50%         5
 Yara's Violent Unravell  Hex/Tmut       5%         3d4       50%         5
 Agony                    Necr           6%         N/A       65%         5
 Silence                  Hex/Air        3%         N/A       65%         5
 Dragon Form              Tmut           8%         N/A       100%        7
 Enfeeble                 Hex            3%         N/A       100%        7
 Dragon's Call            Summ           3%         N/A       100%        9


Dungeon Overview and Level Annotations

Branches:
Dungeon (8/15) Zot: 26889  Temple (1/1) D:7 Zot: 5989 Ossuary (visited)
   Lair: D:8-11

Altars:
Ashenzari
Dithmenos
Gozag
Hepliaklqana
Kikubaaqudgha
Nemelex Xobeh
Okawaru
Qazlal
Ru
Sif Muna
Trog
Uskayaw
Vehumet
Xom
Yredelemnul

Shops:
D:3 [   D:7 :

Annotations:
D:3 1 runed translucent door, gargbit's ghost, weakling DsHu


Innate Abilities, Weirdness & Mutations

You have very sharp fingernails.
You are mostly covered in large bone plates. (SH +6)


Message History

Casting: Stone Arrow (safe; 1% risk of failure)
Confirm with . or Enter, or press ? or * to list all spells.
Aiming: Stone Arrow (safe; 1% risk of failure)
Press: ? - help, Shift-Dir - straight line, f/p - two-headed ogre
Aim: a two-headed ogre, wielding a +0 giant club and a +0 giant spiked club (heavily wounded, 88% to hit)
The stone arrow hits the two-headed ogre!
The two-headed ogre is severely wounded.
You block the two-headed ogre's attack.
The two-headed ogre hits you with a +0 giant spiked club.
Casting: Stone Arrow (safe; 1% risk of failure)
Confirm with . or Enter, or press ? or * to list all spells.
You don't have enough magic to cast this spell.
Unknown command.
Unknown command.
Casting: Stone Arrow (safe; 1% risk of failure)
Confirm with . or Enter, or press ? or * to list all spells.
Aiming: Sandblast (safe; 1% risk of failure)
Press: ? - help, Shift-Dir - straight line, f/p - two-headed ogre
Aim: a two-headed ogre, wielding a +0 giant club and a +0 giant spiked club (severely wounded, 92% to hit)
The blast of sand hits the two-headed ogre!
The two-headed ogre is almost dead.
The two-headed ogre hits you with a +0 giant club.
The two-headed ogre hits you with a +0 giant spiked club!
Unknown command.
Casting: Sandblast (safe; 1% risk of failure)
Confirm with . or Enter, or press ? or * to list all spells.
You don't have enough magic to cast this spell.
Unknown command.
Unknown command.
Casting: Sandblast (safe; 1% risk of failure)
Confirm with . or Enter, or press ? or * to list all spells.
You don't have enough magic to cast this spell.
Unknown command.
Unknown command.
The two-headed ogre attacks as you move away!
The two-headed ogre hits you with a +0 giant club!!
Ouch! That really hurt!
* * * LOW HITPOINT WARNING * * *
The two-headed ogre hits you with a +0 giant spiked club!
You die...

### ##.# #...##
##...#.##
##..#..$.##.#
#..##.......#D
###.)#..# ....
#...@O..##.....
#...##.$.......
#<..##..##.##..
##...#..# O.
##.....# ...
#...#.. ..
#..###... #
#... .... .....
.....


You could see a two-headed ogre.

Vanquished Creatures
  A two-headed ogre (D:8)
  Sigmund (D:5)
  A wyvern (D:5)
  A wraith (Ossuary)
  A steam dragon (D:7)
  A black bear (D:7)
  A sky beast (D:6)
  2 ogres
  2 centaurs
  3 phantoms (D:4)
  3 kobold brigands
  4 bullfrogs
  2 necrophages (D:7)
  A scorpion (D:7)
  3 orc priests
  4 iguanas
  A jelly (D:3)
  A gnoll bouda (D:5)
  4 hounds
  8 orc wizards
  A mummy (Ossuary)
  14 gnolls
  8 adders
  3 white imps
  4 ufetubi
  A worm (D:2)
  3 dart slugs
  38 orcs
  6 ball pythons
  4 endoplasms
  3 giant cockroaches
  5 goblins
  4 hobgoblins
  19 kobolds
  2 quokkas (D:3)
  4 bats
  7 frilled lizards
  9 gnoll skeletons (Ossuary)
  7 kobold skeletons (Ossuary)
  9 orc skeletons (Ossuary)
  4 rats
200 creatures vanquished.

Vanquished Creatures (others)
  11 plants (D:2)
11 creatures vanquished.

Grand Total: 211 creatures vanquished

Notes
Turn   | Place    | Note
-------+----------+-------------------------------------------
     0 | D:1      | protoss039 the Demonspawn Earth Elementalist began the
                  | quest for the Orb.
     0 | D:1      | Reached XP level 1. HP: 13/13 MP: 3/3
   823 | D:2      | Gained mutation: You are partially covered in large bone
                  | plates. (SH +4) [demonic ancestry]
   823 | D:2      | Reached XP level 2. HP: 20/20 MP: 3/5
   879 | D:2      | Reached skill level 1 in Fighting
   879 | D:2      | Reached skill level 1 in Armour
   902 | D:2      | Gained mutation: You have sharp fingernails. [demonic
                  | ancestry]
   902 | D:2      | Reached XP level 3. HP: 22/26 MP: 0/6
  1562 | D:2      | Reached XP level 4. HP: 32/32 MP: 2/7
  1843 | D:2      | Learned a level 2 spell: Passwall
  1847 | D:2      | Learned a level 3 spell: Stone Arrow
  1891 | D:2      | HP: 1/49 [gnoll/+0 flail (8)]
  2000 | D:3      | Found a bloodstained altar of Trog.
  2086 | D:3      | Gained mutation: You have very sharp fingernails. [demonic
                  | ancestry]
  2086 | D:3      | Reached XP level 5. HP: 38/38 MP: 9/9
  2336 | D:3      | Found a runed translucent door.
  2337 | D:3      | Noticed gargbit's ghost (weakling DsHu)
  2338 | D:3      | Found Kupsen's Armour Boutique.
  2835 | D:4      | You are sucked into a shaft and drop 3 floors!
  2861 | D:7      | Reached skill level 1 in Conjurations
  2914 | D:7      | Reached XP level 6. HP: 45/45 MP: 7/10
  3025 | D:7      | Found Megha's Book Emporium.
  3145 | D:7      | Noticed a steam dragon
  3162 | D:7      | Killed a steam dragon
  3183 | D:7      | Reached XP level 7. HP: 33/52 MP: 3/12
  3395 | D:7      | Found a sand-covered staircase.
  3406 | Ossuary  | Entered an ossuary
  3406 | Ossuary  | Noticed a wraith
  3406 | Ossuary  | Noticed a wraith
  3406 | Ossuary  | Noticed a wraith
  3684 | Ossuary  | Noticed a wraith
  3747 | Ossuary  | Killed a wraith
  3806 | D:7      | Found a staircase to the Ecumenical Temple.
  3828 | Temple   | Entered the Ecumenical Temple
  3833 | Temple   | Became a worshipper of Vehumet
  4004 | D:7      | Reached XP level 8. HP: 60/60 MP: 6/14
  4817 | D:6      | Reached * piety under Vehumet
  4817 | D:6      | Offered knowledge of Foxfire by Vehumet.
  4818 | D:6      | Reached skill level 5 in Earth Magic
  5516 | D:5      | Entered Level 5 of the Dungeon
  5565 | D:5      | Reached skill level 5 in Spellcasting
  5565 | D:5      | Noticed Sigmund
  5657 | D:5      | Killed Sigmund
  5658 | D:5      | Reached skill level 5 in Fighting
  5883 | D:5      | Reached skill level 1 in Transmutations
  5883 | D:5      | Gained mutation: You are mostly covered in large bone
                  | plates. (SH +6) [demonic ancestry]
  5883 | D:5      | Reached XP level 9. HP: 40/68 MP: 11/16
  5968 | D:5      | Reached skill level 1 in Evocations
  5985 | D:5      | Offered knowledge of Searing Ray by Vehumet.
  6018 | D:5      | Reached ** piety under Vehumet
  6875 | D:4      | Found a shadowy altar of Dithmenos.
  7110 | D:4      | Reached skill level 5 in Conjurations
  8094 | D:8      | Noticed a two-headed ogre
  8127 | D:8      | Noticed a two-headed ogre
  8132 | D:8      | Killed a two-headed ogre
  8195 | D:8      | Slain by a two-headed ogre

Illustrated notes

Levels and vault maps discovered:
D:1:      eino_arrival_cavern_c, layout_basic, minivault_24
D:2:      layout_basic, small_statue_intersection, nicolae_grassy_gnolls
D:3:      layout_loops_cross, trog_butcher_becter, gammafunk_ghost_grave,
          serial_shops, shop
D:4:      layout_gridville, grunt_dithmenos_smoke_and_mirrors, minmay_bent
D:5:      cheibrodos_thug_alley, layout_loops_cross, uniq_sigmund
D:6:      layout_basic, minmay_manual_macuahuitl
D:7:      layout_basic, temple_fountains, enter_ossuary_1, serial_shops,
          nicolae_shop_temple_entry_statues_fountains
D:8:      layout_cave_pools, enter_bailey_3, special_room [special_room_kobold],
          grunt_ministairs_2
Temple:   minmay_freezing_vapour_temple

Skill      XL: |  1  2  3  4  5  6  7  8  9 |
---------------+----------------------------+-----
Fighting       | 1 2 3 5 6 |  6.3
Armour         | 1 2 3 4 |  4.0
Earth Magic    | 3 4 5 6 |  6.1
Spellcasting   | 3 4 5 6 |  6.2
Conjurations   | 1 2 3 4 5 |  5.4
Dodging        | 2 3 |  3.0
Stealth        | 2 3 |  3.0
Transmutations | 1 2 |  2.3
Evocations     | 3 |  3.0

Action                   |  1- 3 |  4- 6 |  7- 9 || total
-------------------------+-------+-------+-------++-------
Melee: Spear             |    16 |     7 |       ||    23
       Whip              |       |    93 |   146 ||   239
       Punch             |       |     2 |     3 ||     5
 Cast: Sandblast         |    37 |    46 |   112 ||   195
       Stone Arrow       |       |       |    84 ||    84
       Passwall          |       |       |     1 ||     1
Evoke: Wand              |       |       |     3 ||     3
  Use: Potion            |       |     1 |     3 ||     4
       Scroll            |       |       |     5 ||     5
 Stab: Sleeping          |     2 |     2 |       ||     4
Armor: Leather armour    |     8 |    27 |    55 ||    90
       Robe              |     1 |       |    18 ||    19
       Skin              |       |     3 |    11 ||    14
Dodge: Dodged            |    16 |    53 |   133 ||   202
Block: Other             |     1 |    20 |    55 ||    76
